 Dungeon Crawl Stone Soup version 0.29.1-2-gbd0b4ee654 (webtiles) character file.

Game seed: 3256497314662279691

17535 raph the Arsonist (level 12, -2/75 HPs)
             Began as a Gargoyle Fire Elementalist on Nov 29, 2022.
             Was an Elder of Vehumet.
             Slain by Rupert
             ... wielding a +4 great mace of protection
              (6 damage)
             ... on level 12 of the Dungeon.
             The game lasted 00:33:00 (18836 turns).

raph the Arsonist (Gargoyle Fire Elementalist)     Turns: 18836, Time: 00:33:01

Health: -2/75      AC: 18    Str: 12    XL:     12   Next: 49%
Magic:  12/23      EV: 17    Int: 24    God:    Vehumet [****..]
Gold:   633        SH:  4    Dex:  9    Spells: 3/26 levels left

rFire   . . .      SeeInvis .   a - +4 dagger of Golden True Grit {vorpal, rPois Will+ Dex-3}
rCold   + . .      Faith    .   G - +0 buckler
rNeg    + . .      Spirit   .   r - +1 robe "Pamiry" {Contam rC+ Int+3 Dex+2}
rPois   ∞          Reflect  .   I - +1 helmet
rElec   +          Harm     .   p - +1 cloak
rCorr   .          Rampage  .   (no gloves)
Will    +....                   H - +2 pair of boots {Fly}
Stlth   ++........              i - amulet of the acrobat
HPRegen 0.22/turn               j - ring of wizardry
MPRegen 0.18/turn               F - +4 ring of evasion

@: flying
A: sickness immunity, AC +8, negative energy resistance 1, electricity
resistance, torment resistance 1, petrification resistance
a: Renounce Religion


You were on level 12 of the Dungeon.
You worshipped Vehumet.
Vehumet was greatly pleased with you.
You visited 2 branches of the dungeon, and saw 15 of its levels.
You also visited: Sewer and Bailey.

You collected 737 gold pieces.
You spent 104 gold pieces at shops.

Inventory:

Hand Weapons
 a - the +4 dagger of Golden True Grit (weapon) {vorpal, rPois Will+ Dex-3}
   (You found it on level 3 of the Dungeon)

   It inflicts extra damage upon your enemies.
   Dex:       It affects your dexterity (-3).
   rPois:     It protects you from poison.
   Will:      It increases your willpower.
 c - a +1 dagger
 K - the +5 scythe "Finisher" {speed, eviscerate}
   (You found it on level 9 of the Dungeon)

   Attacks with this weapon are significantly faster.
   It may eviscerate those it strikes, slaying them instantly, with a decreasing
   chance against stronger foes.
Missiles
 l - 42 poisoned darts
 u - a throwing net
Armour
 h - a scarf of invisibility
 p - a +1 cloak (worn)
 r - the +1 robe "Pamiry" (worn) {Contam rC+ Int+3 Dex+2}
   (You found it on level 3 of the Dungeon)

   Int:       It affects your intelligence (+3).
   Dex:       It affects your dexterity (+2).
   rC:        It protects you from cold.
   Contam:    It causes magical contamination when unequipped.
 G - a +0 buckler (worn)
 H - a +2 pair of boots of flying (worn)
 I - a +1 helmet (worn)
Jewellery
 g - a ring of ice
 i - an amulet of the acrobat (around neck)
 j - a ring of wizardry (left hand)
 o - an amulet of reflection
 F - a +4 ring of evasion (right hand)
Wands
 b - a wand of digging (9)
 w - a wand of flame (14)
 B - a wand of polymorph (11)
 D - a wand of roots (10)
 M - a wand of charming (5)
Scrolls
 k - 4 scrolls of fog
 m - 2 scrolls of identify
 n - 2 scrolls of teleportation
 s - 6 scrolls of vulnerability
 z - 3 scrolls of blinking
 J - a scroll of poison
Potions
 d - 12 potions of curing
 e - 2 potions of resistance
 f - 2 potions of brilliance
 q - a potion of might
 t - 6 potions of flight
 v - a potion of invisibility {unknown}
 x - a potion of mutation {unknown}
 A - a potion of lignification
 C - a potion of berserk rage {unknown}
Miscellaneous
 y - a phantom mirror (inert)
 E - a condenser vane (inert)
 L - a lightning rod (2/4)


   Skills:
 - Level 8.3 Fighting
 - Level 6.6 Dodging
 - Level 2.1 Stealth
 * Level 4.2 Shields
 + Level 7.6 Spellcasting
 - Level 8.5 Conjurations
 * Level 5.5 Summonings
 - Level 11.2 Fire Magic


You had 3 spell levels left.
You knew the following spells:

 Your Spells              Type           Power      Damage    Failure   Level
a - Foxfire               Conj/Fire      100%       2x1d9     1%          1
b - Scorch                Fire           100%       2d10      1%          2
c - Conjure Flame         Conj/Fire      54%        6-21      1%          3
d - Inner Flame           Hex/Fire       36%        N/A       1%          3
e - Flame Wave            Conj/Fire      54%        2d13      1%          4
f - Magic Dart            Conj           100%       1d8       1%          1
g - Sticky Flame          Conj/Fire      54%        2d7       1%          4
h - Summon Forest         Summ/Tloc      11%        N/A       28%         5

Your spell library contained the following spells:

 Spells                   Type           Power      Damage    Failure   Level
 Iskenderun's Mystic Bla  Conj/Tloc      29%        2d7       1%          4
 Searing Ray              Conj           100%       2d8       1%          2
 Irradiate                Conj/Tmut      14%        3d16      4%          5
 Summon Mana Viper        Hex/Summ       22%        N/A       28%         5
 Corpse Rot               Necr/Pois/Air  9%         N/A       32%         4
 Dispel Undead            Necr           9%         3d8       32%         4
 Petrify                  Tmut/Erth      9%         N/A       32%         4
 Summon Cactus Giant      Summ           17%        N/A       45%         6
 Blade Hands              Tmut           4%         N/A       65%         5
 Death Channel            Necr           4%         N/A       99%         6
 Dragon Form              Tmut           4%         N/A       100%        7
 Sublimation of Blood     Necr           Unusable   N/A       N/A         2

Dungeon Overview and Level Annotations

Branches:
Dungeon (14/15)            Temple (1/1) D:4             Orc (0/2) D:11
  Sewer (visited)          Bailey (visited)
   Lair: D:8-11      Vaults: D:13-14

Altars:
Ashenzari
Cheibriados
Dithmenos
Elyvilon
Fedhas
Gozag
Hepliaklqana
Kikubaaqudgha
Makhleb
Nemelex Xobeh
Okawaru
Qazlal
Ru
Sif Muna
Trog
Uskayaw
Vehumet
Wu Jian
Xom
Yredelemnul
Zin
The Shining One

Shops:
D:2 ((?(   D:5 [

Annotations:
D:1 1 runed translucent door
D:4 1 runed translucent door, identify's ghost, amateur MiFi
D:12 Rupert


Innate Abilities, Weirdness & Mutations

You are immune to sickness and miasma.
Your stone body is resilient. (AC +8)
You are immune to poison.
You resist negative energy. (rN+)
You are resistant to electric shocks. (rElec)
You are resistant to unholy torment.
You are immune to petrification.


Message History

Confirm with . or Enter, or press ? or * to list all spells.
Flames lash Rupert.
Rupert is lightly wounded.
Rupert's fire resistance burns away.
The foxfire hits Rupert but does no damage.
Rupert is lightly wounded.
The foxfire hits Rupert.
Rupert is lightly wounded.
Casting: Scorch (safe; 1% risk of failure)
Confirm with . or Enter, or press ? or * to list all spells.
Flames lash Rupert.
Rupert is burned terribly!
Rupert is moderately wounded.
Rupert roars madly and goes into a rage!
Rupert goes berserk!
Aiming: Phantom Mirror
Press: ? - help, Dir - move target, f - Rupert
Aim: Rupert, wielding a +4 great mace of protection and wearing a +2 leather armour of poison resistance (moderately wounded, berserk, more vulnerable to fire)
You reflect Rupert with the mirror!
The mirror clouds!
Rupert completely misses Rupert.
Casting: Scorch (safe; 1% risk of failure)
Confirm with . or Enter, or press ? or * to list all spells.
Flames lash Rupert.
Rupert is burned terribly!
Rupert is moderately wounded.
Rupert hits Rupert with a +4 great mace of protection!!
Rupert hits you with a +4 great mace of protection!!
Casting: Scorch (safe; 1% risk of failure)
Confirm with . or Enter, or press ? or * to list all spells.
Flames lash Rupert.
Rupert is burned terribly!
Rupert is heavily wounded.
Rupert hits you with a +4 great mace of protection!!
Rupert hits Rupert with a +4 great mace of protection!!
Casting: Scorch (safe; 1% risk of failure)
Confirm with . or Enter, or press ? or * to list all spells.
Flames lash Rupert.
Rupert is burned terribly!
Rupert is heavily wounded.
Rupert hits Rupert with a +4 great mace of protection.
Rupert hits you with a +4 great mace of protection!!
* * * LOW HITPOINT WARNING * * *
Rupert hits you with a +4 great mace of protection.
You die...

##...........
##...........#
##...........#
#............#
#..........#
#.....@....#
#....@...#
#....@...#
##.....###
.....# #...###
.......##
##.##
........# ##.#
#.......# #..#
### #.......
##.####.##
#......
#..##....#
#.....
#.#......##
#...


You could see Rupert (berserk, combustible, ally target) and the friendly Rupert
(summoned, berserk, combustible, drained).

Vanquished Creatures
  A boulder beetle (D:12)
  Erolcha (D:11)
  A hydra (D:13)
  Sonja (D:10)
  A skeletal warrior (D:9)
  An orc knight (Bailey)
  2 deep elf pyromancers
  An ugly thing (D:12)
  A manticore (D:12)
  A cyclops (D:8)
  Maurice (D:12)
  A smoke demon (D:9)
  A gargoyle (D:12)
  An unseen horror (D:13)
  2 komodo dragons
  A hellwing (D:10)
  A troll (D:11)
  A polar bear (D:13)
  2 ynoxinuls (D:10)
  A vampire (D:11)
  4 wraiths
  A wyvern (D:8)
  2 shadows
  A human (D:10)
  Eustachio (D:6)
  9 yaks
  2 chaos spawn (D:10)
  2 steam dragons
  2 acid dragons (D:12)
  3 water moccasins
  Duvessa (D:6)
  3 ice beasts
  A swamp drake (D:11)
  14 orc warriors
  A black bear (D:5)
  4 sky beasts
  5 ogres
  3 centaurs
  A phantom (D:7)
  2 kobold brigands
  2 bullfrogs (D:8)
  A necrophage (D:6)
  2 gnoll sergeants (D:11)
  4 wights (D:5)
  Dowan (D:6)
  6 killer bees
  5 howler monkeys
  3 quasits (D:10)
  9 orc priests
  3 hounds
  A gnoll bouda (D:6)
  3 iguanas
  16 orc wizards
  10 gnolls
  4 adders
  A shadow imp (D:6)
  2 white imps
  2 ufetubi
  2 worms
  A dart slug (D:2)
  56 orcs
  10 endoplasms
  4 giant cockroaches
  9 goblins
  9 hobgoblins
  3 jackals
  4 quokkas
  11 ball pythons
  5 bats
  3 frilled lizards
  15 kobolds
  5 rats
297 creatures vanquished.

Vanquished Creatures (collateral kills)
  An ugly thing (D:13)
  An ufetubus (D:13)
2 creatures vanquished.

Vanquished Creatures (others)
  8 demonic plants (D:10)
  687 foxfires
695 creatures vanquished.

Grand Total: 994 creatures vanquished

Notes
Turn   | Place    | Note
-------+----------+-------------------------------------------
     0 | D:1      | raph the Gargoyle Fire Elementalist began the quest for the
                  | Orb.
     0 | D:1      | Reached XP level 1. HP: 10/10 MP: 3/3
     1 | D:1      | Found a runed translucent door.
   218 | D:1      | Reached XP level 2. HP: 15/15 MP: 0/5
   221 | D:1      | Learned a level 2 spell: Scorch
   380 | D:1      | Found a faded altar of an unknown god.
  1004 | D:2      | Reached skill level 4 in Fire Magic
  1273 | D:2      | Reached XP level 3. HP: 19/19 MP: 3/6
  1359 | D:2      | Found Wuuma's Weapon Shoppe.
  1450 | D:2      | Learned a level 3 spell: Conjure Flame
  1649 | D:2      | Found Cediteuc's Magic Scroll Shop.
  1658 | D:2      | Bought a scroll of identify for 26 gold pieces
  1856 | D:2      | Found Zidyelacw's Weapon Shop.
  1858 | D:2      | Found Naowilae's Antique Weapon Emporium.
  2203 | D:3      | Reached XP level 4. HP: 24/24 MP: 2/7
  2207 | D:3      | Found a sparkling altar of Nemelex Xobeh.
  2267 | D:3      | Identified the +4 dagger of Golden True Grit {vorpal, rPois
                  | Will+ Dex-3}
  2408 | D:3      | Identified the +1 robe "Pamiry" {Contam rC+ Int+3 Dex+2}
  2552 | D:3      | Reached skill level 5 in Fire Magic
  3055 | D:3      | Found a basalt altar of Yredelemnul.
  3056 | D:3      | Found an opulent altar of Gozag.
  3160 | D:4      | Reached XP level 5. HP: 28/28 MP: 3/8
  3246 | D:4      | Found a glowing drain.
  3249 | D:4      | Noticed an ice beast
  3256 | D:4      | Killed an ice beast
  3257 | D:4      | Reached skill level 6 in Fire Magic
  3316 | Sewer    | Entered a sewer
  3791 | Sewer    | Noticed a kobold brigand
  3795 | Sewer    | Killed a kobold brigand
  3796 | Sewer    | Reached XP level 6. HP: 32/32 MP: 1/9
  4154 | Sewer    | Learned a level 3 spell: Inner Flame
  4221 | Sewer    | Found a white marble altar of Elyvilon.
  4263 | D:4      | Found a staircase to the Ecumenical Temple.
  4279 | Temple   | Entered the Ecumenical Temple
  4279 | Temple   | Found a transporter.
  4279 | Temple   | Found a transporter.
  4281 | Temple   | Found a transporter.
  4281 | Temple   | Found a transporter.
  4328 | Temple   | Became a worshipper of Vehumet
  4434 | D:4      | Identified the +0 robe of Intuition {Dex+2}
  4552 | D:4      | Reached skill level 7 in Fire Magic
  4778 | D:4      | Found a runed translucent door.
  4784 | D:4      | Noticed identify's ghost (amateur MiFi)
  5061 | D:4      | Reached XP level 7. HP: 36/36 MP: 5/10
  5367 | D:5      | Entered Level 5 of the Dungeon
  5493 | D:5      | Reached skill level 8 in Fire Magic
  5913 | D:5      | Reached skill level 1 in Fighting
  6104 | D:5      | Found Kubopn's Antique Armour Shop.
  6310 | D:5      | Reached XP level 8. HP: 44/44 MP: 4/11
  6739 | D:2      | Bought a scroll of identify for 26 gold pieces
  6739 | D:2      | Bought a scroll of amnesia for 52 gold pieces
  6851 | D:6      | Noticed Eustachio
  6859 | D:6      | Killed Eustachio
  7435 | D:6      | Learned a level 4 spell: Flame Wave
  7888 | D:6      | Noticed Dowan
  7892 | D:6      | Killed Dowan
  7893 | D:6      | Noticed Duvessa
  7903 | D:6      | Killed Duvessa
  8246 | D:6      | Reached * piety under Vehumet
  8246 | D:6      | Offered knowledge of Magic Dart by Vehumet.
  8252 | D:6      | Reached skill level 9 in Fire Magic
  8256 | D:6      | Reached XP level 9. HP: 27/52 MP: 0/14
  8615 | D:6      | Learned a level 1 spell: Magic Dart
  9133 | D:7      | Found a flagged portal.
  9178 | Bailey   | Entered a bailey
  9405 | Bailey   | Offered knowledge of Searing Ray by Vehumet.
  9406 | Bailey   | Reached skill level 5 in Conjurations
  9430 | Bailey   | Learned a level 2 spell: Searing Ray
  9505 | Bailey   | Reached skill level 5 in Fighting
 10218 | Bailey   | Noticed an orc knight
 10256 | Bailey   | Killed an orc knight
 10257 | Bailey   | Reached skill level 5 in Spellcasting
 10257 | Bailey   | Reached XP level 10. HP: 59/59 MP: 4/17
 10377 | Bailey   | Found a large runed translucent door.
 10377 | Bailey   | Found a large runed translucent door.
 10378 | Bailey   | Noticed a deep elf pyromancer
 10409 | Bailey   | Killed a deep elf pyromancer
 10676 | D:7      | Reached ** piety under Vehumet
 10677 | D:7      | Reached skill level 10 in Fire Magic
 11515 | D:8      | Reached skill level 5 in Dodging
 11628 | D:8      | Noticed a cyclops
 12095 | D:8      | Offered knowledge of Ignite Poison by Vehumet.
 12676 | D:8      | Killed a cyclops
 12888 | D:9      | Noticed a skeletal warrior
 12973 | D:9      | Reached *** piety under Vehumet
 13428 | D:9      | Found the +5 scythe "Finisher" {speed, eviscerate}
 13947 | D:9      | Killed a skeletal warrior
 13948 | D:9      | Reached XP level 11. HP: 46/67 MP: 8/20
 14435 | D:10     | Entered Level 10 of the Dungeon
 14490 | D:10     | Noticed a soul eater
 14944 | D:9      | Learned a level 5 spell: Summon Forest
 15145 | D:10     | Offered knowledge of Sticky Flame by Vehumet.
 15147 | D:10     | Reached skill level 1 in Summonings
 15174 | D:10     | Learned a level 4 spell: Sticky Flame
 15238 | D:10     | Noticed a sun demon
 15622 | D:11     | Reached **** piety under Vehumet
 15929 | D:11     | Offered knowledge of Fulminant Prism by Vehumet.
 15983 | D:11     | Reached skill level 11 in Fire Magic
 16022 | D:10     | Noticed Sonja
 16085 | D:10     | Killed Sonja
 16725 | D:11     | Noticed Erolcha
 16734 | D:11     | Killed Erolcha
 16836 | D:11     | Found a staircase to the Orcish Mines.
 16939 | D:11     | You are sucked into a shaft and drop 3 floors!
 16954 | D:13     | Reached XP level 12. HP: 39/73 MP: 14/22
 17408 | D:13     | Reached skill level 1 in Shields
 17408 | D:13     | Noticed a six-headed hydra
 17417 | D:13     | Killed a six-headed hydra
 17655 | D:12     | Noticed Maurice
 17663 | D:12     | Killed Maurice
 17663 | D:12     | Reached ***** piety under Vehumet
 17663 | D:12     | Offered knowledge of Iskenderun's Mystic Blast by Vehumet.
 17860 | D:12     | Noticed a boulder beetle
 17902 | D:12     | Killed a boulder beetle
 17903 | D:12     | Reached skill level 5 in Summonings
 18828 | D:12     | Noticed Rupert
 18836 | D:12     | Slain by Rupert

Illustrated notes

Levels and vault maps discovered:
D:1:      dpeg_arrival_caged_fury, layout_loops_ring, basic_ecumenical_altar,
          hangedman_decor_riveting
D:2:      layout_basic, serial_shops,
          nicolae_shop_temple_entry_statues_fountains,
          nicolae_shop_bloodbath_and_beyond, nicolae_lakefront_shop, shop,
          minmay_pentomino_s2
D:3:      layout_basic, nemelex_xobeh_ov_fountains_minmay,
          gammafunk_temple_overflow_statue
D:4:      layout_loops_ring, minmay_temple_entry_statues_pillars,
          cheibrodos_sewer_entry_drain, ebering_ghost_sewer_d
D:5:      layout_basic, serial_shops, nicolae_take_the_stairs
D:6:      minmay_diamond_boxcup, layout_basic, uniq_duvessa, uniq_eustachio
D:7:      layout_basic, enter_bailey_3, sigmund_army
D:8:      layout_basic
D:9:      layout_loops_ring, minmay_guarded_unrand_finisher
D:10:     layout_gridville, lair_entry_dummy, serial_demonic, serial_demonic_g,
          serial_demonic_a, serial_demonic_g, serial_demonic_c,
          serial_demonic_b, serial_demonic_c, minmay_ruffians, uniq_sonja
D:11:     layout_big_octagon, erik_orc_1, minmay_orc_keep, uniq_erolcha
D:12:     layout_cave_pods, st_stairs_7, nzn_wu_jian_contemplation, uniq_rupert,
          uniq_kirke, uniq_maurice
D:13:     layout_roguey, serial_ice, serial_ice_a, serial_ice_k, serial_ice_n,
          serial_ice_g
D:14:     layout_loops_corners, skrybe_vaults_entry_preservation, serial_shops,
          shop_fountains, lemuel_round_altar, uniq_nessos
Temple:   hellmonk_temple_divided_pantheon

Skill      XL: |  1  2  3  4  5  6  7  8  9 10 11 12 |
---------------+-------------------------------------+-----
Fire Magic     | 4 5 6 7 8 9 10 11 | 11.2
Fighting       | 1 3 5 7 8 |  8.3
Dodging        | 2 3 4 5 6 |  6.6
Conjurations   | 2 4 5 7 8 |  8.5
Spellcasting   | 3 5 6 7 |  7.6
Summonings     | 3 5 |  5.5
Shields        | 4 |  4.2
Stealth        | |  2.1

Action                   |  1- 3 |  4- 6 |  7- 9 | 10-12 || total
-------------------------+-------+-------+-------+-------++-------
Melee: Dagger            |     5 |    21 |    12 |   164 ||   202
       Unarmed           |     1 |       |       |       ||     1
Throw: Dart              |       |       |     4 |       ||     4
       Throwing net      |       |       |     2 |       ||     2
 Cast: Foxfire           |    58 |    63 |   117 |   158 ||   396
       Scorch            |     9 |    18 |    58 |    86 ||   171
       Conjure Flame     |       |       |     7 |     2 ||     9
       Inner Flame       |       |       |     7 |    15 ||    22
       Flame Wave        |       |       |     3 |    44 ||    47
       Magic Dart        |       |       |     2 |    14 ||    16
       Searing Ray       |       |       |       |     2 ||     2
       Sticky Flame      |       |       |       |     6 ||     6
       Summon Forest     |       |       |       |     1 ||     1
Evoke: Wand              |       |       |    14 |     3 ||    17
       Lightning rod     |       |       |       |     4 ||     4
       Phantom mirror    |       |       |       |     2 ||     2
       Condenser vane    |       |       |       |     1 ||     1
  Use: Scroll            |     1 |     7 |     3 |    17 ||    28
       Potion            |       |       |     2 |     9 ||    11
Armor: Robe              |     4 |    10 |    15 |   136 ||   165
Dodge: Dodged            |    10 |    17 |    31 |   469 ||   527
Block: Buckler           |       |       |       |    26 ||    26
